 Dungeon Crawl Stone Soup version 0.31-a0-986-g5e6e4ef867 (webtiles) character file.

Game seed: 16526557689161248058

3447 fernweh the Carver (level 10, -5/64 HPs)
             Began as a Gnoll Chaos Knight on Nov 8, 2023.
             Was a Plaything of Xom.
             Slain by an orc
             ... wielding a +2 flail of holy wrath
              (9 damage)
             ... on level 10 of the Dungeon.
             The game lasted 00:42:01 (9303 turns).

fernweh the Carver (Gnoll Chaos Knight)             Turns: 9303, Time: 00:42:01

Health: -5/64      AC:  9    Str: 15 (17) XL:     10   Next: 6%
Magic:  15/15      EV: 12    Int: 13 (14) God:    Xom [..*...]
Gold:   473        SH:  5    Dex:  8 (10) Spells: 11/19 levels left

rFire   + + .        a - +1 falchion (chaos)
rCold   . . .        (no shield)
rNeg    + . .        e - +2 leather armour {rF+}
rPois   .            (no helmet)
rElec   .            (no cloak)
rCorr   .            (no gloves)
SInv    .            (no boots)
Will    +....        q - amulet of reflection
Stlth   ++           h - +4 ring of protection
HPRegen 0.30/turn    m - ring of positive energy
MPRegen 0.14/turn

%: reflection
@: no status effects
A: fangs 1, strong nose, distributed training, fire resistance 1, frail 2, low
MP 1, strong-willed 1, strong 1
a: Renounce Religion


You were on level 10 of the Dungeon.
You worshipped Xom.
You were a toy of Xom.
You visited 1 branch of the dungeon, and saw 10 of its levels.

You collected 473 gold pieces.

Inventory:

Hand Weapons
 a - a +1 falchion of chaos (weapon)
Missiles
 f - 7 atropa-tipped darts
 g - a curare-tipped dart
 j - 2 javelins
 n - 13 poisoned darts
 t - 3 boomerangs
Armour
 b - a +2 leather armour
 e - a +2 leather armour of fire resistance (worn)
 i - an orb of light
Magical Staves
 c - a staff of air
Jewellery
 h - a +4 ring of protection (left hand)
 m - a ring of positive energy (right hand)
 q - an amulet of reflection (around neck)
 s - a ring of poison resistance
Scrolls
 d - 2 scrolls of revelation
 k - a scroll of silence
 o - 6 scrolls of identify
 v - 3 scrolls of immolation
Potions
 l - 2 potions of brilliance


   Skills:
 + Level 8.3 Fighting
 + Level 5.0 Short Blades
 + Level 8.3 Long Blades
 + Level 5.0 Axes
 + Level 5.0 Maces & Flails
 + Level 5.0 Polearms
 + Level 5.0 Staves
 + Level 5.0 Ranged Weapons
 + Level 5.0 Throwing
 + Level 6.8 Armour
 + Level 5.6 Dodging
 + Level 5.0 Stealth
 + Level 5.0 Shields
 + Level 5.0 Unarmed Combat
 + Level 5.0 Spellcasting
 + Level 4.1 Conjurations
 + Level 4.1 Hexes
 + Level 4.1 Summonings
 + Level 4.1 Necromancy
 + Level 4.1 Translocations
 + Level 4.1 Transmutations
 + Level 4.1 Fire Magic
 + Level 4.1 Ice Magic
 + Level 4.1 Air Magic
 + Level 4.1 Earth Magic
 + Level 4.1 Poison Magic
 + Level 5.4 Invocations
 + Level 5.0 Evocations
 + Level 4.5 Shapeshifting


You had 11 spell levels left.
You knew the following spells:

 Your Spells              Type           Power      Damage    Failure   Level
a - Mephitic Cloud        Conj/Pois/Air  13%        N/A       12%         3
b - Sublimation of Blood  Necr           13%        N/A       6%          2
c - Hailstorm             Conj/Ice       13%        3d5       12%         3

Your spell library contained the following spells:

 Spells                   Type           Power      Damage    Failure   Level
 Static Discharge         Conj/Air       26%        3-5/arc   6%          2
 Inner Flame              Hex/Fire       13%        N/A       12%         3
 Airstrike                Air            6%         2d(1-17)  38%         4
 Flame Wave               Conj/Fire      13%        2d6       38%         4
 Petrify                  Tmut/Erth      13%        N/A       38%         4
 Sticky Flame             Conj/Fire      13%        2d4       38%         4
 Summon Lightning Spire   Summ/Air       13%        N/A       38%         4
 Alistair's Intoxication  Tmut/Pois      8%         N/A       75%         5
 Borgnjor's Vile Clutch   Necr/Erth      6%         N/A       75%         5
 Irradiate                Conj/Tmut      6%         3d13      75%         5
 Eringya's Noxious Bog    Tmut/Pois      6%         4d6       99%         6
 Haunt                    Necr/Summ      6%         N/A       100%        7


Dungeon Overview and Level Annotations

Branches:
Dungeon (10/15)            Temple (0/1) D:6
   Lair: D:8-11         Orc: D:9-12

Altars:
Cheibriados
Dithmenos
Fedhas
Gozag
Nemelex Xobeh
Okawaru
Qazlal
Ru
Sif Muna
Trog
Uskayaw
Vehumet
Xom
Zin

Shops:
D:2 (

Annotations:
D:4 exclusion: statue


Innate Abilities, Weirdness & Mutations

You have very sharp teeth.
Your uncanny sense of smell can sniff out nearby items.
Your experience applies equally to all skills.
Your flesh is heat resistant. (rF+)
You are very frail. (-20% HP)
Your magical capacity is low. (-10% MP)
You are strong-willed. (Will+)
Your muscles are strong. (Str +4, Int/Dex -1)


Message History

Reactivating autopickup.
There is a stone staircase leading up here.
You hit the centaur. You freeze the centaur.
The centaur is almost dead.
The centaur closely misses you. You block the centaur's attack.
The centaur hits you.
* * * LOW HITPOINT WARNING * * *
You block the centaur's attack.
Unknown command.
You hit the centaur. You freeze the centaur.
You kill the centaur!
That felt strangely unrewarding.
The komodo dragon hisses angrily.
You block the centaur's attack.
The centaur kicks you but does no damage.
Okay, then.
Okay, then.
You hit the centaur.
You kill the centaur!
You feel your intelligence returning.
Your Short Blades skill increases to level 5!
Your Axes skill increases to level 5!
Your Maces & Flails skill increases to level 5!
Your Polearms skill increases to level 5!
Your Staves skill increases to level 5!
Your Ranged Weapons skill increases to level 5!
Your Throwing skill increases to level 5!
Your Stealth skill increases to level 5!
Your Shields skill increases to level 5!
Your Unarmed Combat skill increases to level 5!
Your Spellcasting skill increases to level 5!
Your Evocations skill increases to level 5!
Unknown command.
An orc comes into view. It is wielding a +0 whip.
Found 14 gold pieces.
The orc shouts!
You hear a shout!
The orc attacks as it pursues you!
The orc hits you with a +2 flail of holy wrath!
You die...
Xom laughs nastily!

# .$ #####. ...
.....o#### ....
.....o#).##....
#.<....... ∆
#....l....
##o.###### #@.#
+......#
#......#
#......#
#......#
#.##..## #+
#..# ....


You could see a komodo dragon and 3 orcs.

Vanquished Creatures
  A cyclops (shapeshifter) (D:8)
  Eustachio (D:5)
  A fire bat (D:6)
  A steam dragon (D:7)
  Menkaure (D:4)
  A water moccasin (D:8)
  An ice beast (D:6)
  A black bear (D:6)
  2 sky beasts (D:7)
  3 ogres
  6 centaurs
  A phantom (D:6)
  3 kobold brigands
  2 bullfrogs
  3 scorpions
  3 howler monkeys
  4 hounds
  2 jellies
  A gnoll bouda (D:7)
  2 orc priests (D:7)
  2 iguanas
  2 orc wizards (D:7)
  8 adders
  5 gnolls (D:7)
  4 white imps
  A worm (D:4)
  4 dart slugs
  12 orcs
  5 ball pythons
  2 bats
  11 endoplasms
  4 giant cockroaches
  5 goblins
  9 hobgoblins
  10 kobolds
  4 quokkas
  4 frilled lizards
  4 rats
136 creatures vanquished.

Vanquished Creatures (collateral kills)
  A phantom (D:4)
  An iguana (D:4)
  A kobold (D:4)
3 creatures vanquished.

Grand Total: 139 creatures vanquished

Notes
Turn   | Place    | Note
-------+----------+-------------------------------------------
     0 | D:1      | fernweh the Gnoll Chaos Knight began the quest for the Orb.
     0 | D:1      | Reached XP level 1. HP: 23/23 MP: 1/1
   320 | D:1      | Reached XP level 2. HP: 25/29 MP: 2/2
   369 | D:1      | XOM: silly message
   422 | D:1      | Got the Textbook on Rotting Conflict
   640 | D:1      | XOM: silly message
   755 | D:1      | XOM: silly message
  1009 | D:2      | XOM: silly message
  1019 | D:2      | Reached XP level 3. HP: 35/35 MP: 3/3
  1034 | D:2      | XOM: silly message
  1232 | D:2      | Found an opulent altar of Gozag.
  1309 | D:2      | Found Zaisidoo's Weapon Shoppe.
  1380 | D:2      | Reached skill level 1 in Invocations
  1590 | D:3      | Reached skill level 1 in Short Blades
  1590 | D:3      | Reached skill level 1 in Axes
  1590 | D:3      | Reached skill level 1 in Maces & Flails
  1590 | D:3      | Reached skill level 1 in Polearms
  1590 | D:3      | Reached skill level 1 in Staves
  1590 | D:3      | Reached skill level 1 in Ranged Weapons
  1590 | D:3      | Reached skill level 1 in Throwing
  1590 | D:3      | Reached skill level 1 in Stealth
  1590 | D:3      | Reached skill level 1 in Shields
  1590 | D:3      | Reached skill level 1 in Unarmed Combat
  1590 | D:3      | Reached skill level 1 in Spellcasting
  1590 | D:3      | Reached skill level 1 in Evocations
  1594 | D:3      | Learned a level 3 spell: Mephitic Cloud
  1616 | D:3      | Reached XP level 4. HP: 35/41 MP: 5/5
  1618 | D:3      | Reached skill level 1 in Shapeshifting
  1645 | D:3      | XOM: 8-stop teleportation journey
  1661 | D:3      | XOM: divination: detect creatures
  1949 | D:3      | Found a hide-covered altar of Uskayaw.
  1990 | D:3      | XOM: divination: detect items
  2045 | D:3      | Reached skill level 1 in Conjurations
  2045 | D:3      | Reached skill level 1 in Hexes
  2045 | D:3      | Reached skill level 1 in Summonings
  2045 | D:3      | Reached skill level 1 in Necromancy
  2045 | D:3      | Reached skill level 1 in Translocations
  2045 | D:3      | Reached skill level 1 in Transmutations
  2045 | D:3      | Reached skill level 1 in Fire Magic
  2045 | D:3      | Reached skill level 1 in Ice Magic
  2045 | D:3      | Reached skill level 1 in Air Magic
  2045 | D:3      | Reached skill level 1 in Earth Magic
  2045 | D:3      | Reached skill level 1 in Poison Magic
  2140 | D:3      | XOM: give mutations
  2140 | D:3      | Gained mutation: You are dopey. (Int -2) [Xom's mischief]
  2140 | D:3      | Lost mutation: You are dopey. (Int -2) [Xom's mischief]
  2285 | D:3      | XOM: summons 2 hostile shadow creatures
  2346 | D:4      | Found a snail-covered altar of Cheibriados.
  2350 | D:4      | Noticed a scorpion
  2350 | D:4      | XOM: 3-stop teleportation journey
  2354 | D:4      | Found a sacrificial altar of Ru.
  2387 | D:4      | Found a radiant altar of Vehumet.
  2387 | D:4      | Noticed a frost-covered statue
  2419 | D:4      | Noticed Menkaure
  2460 | D:4      | Reached XP level 5. HP: 20/47 MP: 5/7
  2583 | D:4      | XOM: cloud trail
  2614 | D:4      | Noticed a phantom
  2628 | D:5      | Entered Level 5 of the Dungeon
  2629 | D:5      | XOM: give mutation
  2629 | D:5      | Gained mutation: You are strong-willed. (Will+) [Xom's
                  | grace]
  2644 | D:5      | Found a shimmering blue altar of Sif Muna.
  2647 | D:5      | XOM: stat loss: -1 Int (11/12)
  2772 | D:5      | Noticed an ogre
  2782 | D:5      | Killed an ogre
  2811 | D:5      | XOM: god gift: Great Wizards, Vol. II
  2922 | D:5      | Noticed Eustachio
  2927 | D:5      | Noticed a water moccasin
  2927 | D:5      | XOM: 1-stop teleportation journey
  2971 | D:4      | Reached XP level 6. HP: 53/53 MP: 8/8
  3054 | D:4      | Reached skill level 5 in Armour
  3220 | D:4      | Found a shadowy altar of Dithmenos.
  3263 | D:4      | Found an iron altar of Okawaru.
  3540 | D:4      | XOM: butterfly on damage
  3544 | D:4      | XOM: enchant monster (bad)
  3591 | D:4      | XOM: confusion
  3600 | D:4      | Killed Menkaure
  3601 | D:4      | Reached XP level 7. HP: 31/60 MP: 10/10
  4112 | D:5      | XOM: snakes to sticks
  4404 | D:5      | Killed Eustachio
  4465 | D:5      | XOM: silly message
  4549 | D:5      | XOM: noise
  4593 | D:6      | Noticed an angel
  4593 | D:6      | Found a shimmering altar of Xom.
  4593 | D:6      | Found a glowing silver altar of Zin.
  4602 | D:6      | Reached XP level 8. HP: 67/67 MP: 12/12
  4752 | D:6      | XOM: confuse monster(s)
  4846 | D:6      | Found a staircase to the Ecumenical Temple.
  4852 | D:6      | XOM: cast spell 'Summon Cactus Giant'
  4950 | D:6      | XOM: summons 5 hostile demons
  5254 | D:6      | XOM: 1-stop teleportation journey
  5272 | D:6      | Found an opulent altar of Gozag.
  5272 | D:6      | Found a blossoming altar of Fedhas.
  5272 | D:6      | Found a stormy altar of Qazlal.
  5272 | D:6      | Found a bloodstained altar of Trog.
  5272 | D:6      | XOM: 3-stop teleportation journey
  5360 | D:6      | XOM: polymorph ice beast -> fire bat
  5614 | D:6      | XOM: give mutations
  5614 | D:6      | Gained mutation: You occasionally shout uncontrollably at
                  | your foes. [Xom's mischief]
  5614 | D:6      | Gained mutation: You are frail. (-10% HP) [Xom's mischief]
  5614 | D:6      | Gained mutation: You are very frail. (-20% HP) [Xom's
                  | mischief]
  5614 | D:6      | Gained mutation: Your flesh is heat resistant. (rF+) [Xom's
                  | mischief]
  5738 | D:6      | XOM: blink monster(s)
  5749 | D:6      | Learned a level 2 spell: Sublimation of Blood
  5832 | D:6      | XOM: summons 5 hostile demons
  5833 | D:6      | Noticed a red devil
  6070 | D:7      | Found a sparkling altar of Nemelex Xobeh.
  6074 | D:7      | Reached XP level 9. HP: 49/58 MP: 10/14
  6470 | D:7      | XOM: draining
  6528 | D:7      | XOM: god gift: 8 gold pieces
  6545 | D:7      | XOM: scenery: 1 doors close
  6685 | D:7      | XOM: god gift: leather armour {god gift}
  6824 | D:7      | Reached skill level 5 in Dodging
  7159 | D:7      | XOM: fog
  7277 | D:7      | XOM: scenery: 1 doors close
  7402 | D:7      | XOM: fog
  7707 | D:8      | Reached skill level 5 in Invocations
  8059 | D:8      | a shapeshifter changed into a komodo dragon
  8059 | D:8      | Noticed a komodo dragon (shapeshifter)
  8062 | D:8      | XOM: swap monsters
  8068 | D:8      | a komodo dragon changed into a dream sheep
  8070 | D:8      | a dream sheep changed into a water nymph
  8070 | D:8      | Noticed a water nymph (shapeshifter)
  8075 | D:8      | XOM: cast spell 'Summon Small Mammal'
  8301 | D:8      | Noticed an anaconda
  8305 | D:8      | an anaconda changed into a snapping turtle
  8469 | D:7      | XOM: god gift: twisted smoking staff {god gift}
  8662 | D:8      | XOM: give mutations
  8662 | D:8      | Gained mutation: Your muscles are strong. (Str +4, Int/Dex
                  | -1) [Xom's mischief]
  8662 | D:8      | Lost mutation: You occasionally shout uncontrollably at
                  | your foes. [Xom's mischief]
  8662 | D:8      | Gained mutation: Your magical capacity is low. (-10% MP)
                  | [Xom's mischief]
  8979 | D:8      | Learned a level 3 spell: Hailstorm
  9054 | D:8      | Noticed a cyclops
  9056 | D:8      | XOM: scenery: summon butterflies
  9071 | D:8      | XOM: swap monsters
  9079 | D:8      | XOM: butterfly on damage
  9089 | D:8      | XOM: cast spell 'Cause Fear'
  9093 | D:8      | Killed a cyclops
  9094 | D:8      | Reached XP level 10. HP: 21/64 MP: 15/15
  9290 | D:9      | Noticed a guardian serpent
  9297 | D:10     | Entered Level 10 of the Dungeon
  9298 | D:10     | HP: 2/64 [centaur (3)]
  9301 | D:10     | Reached skill level 5 in Short Blades
  9301 | D:10     | Reached skill level 5 in Axes
  9301 | D:10     | Reached skill level 5 in Maces & Flails
  9301 | D:10     | Reached skill level 5 in Polearms
  9301 | D:10     | Reached skill level 5 in Staves
  9301 | D:10     | Reached skill level 5 in Ranged Weapons
  9301 | D:10     | Reached skill level 5 in Throwing
  9301 | D:10     | Reached skill level 5 in Stealth
  9301 | D:10     | Reached skill level 5 in Shields
  9301 | D:10     | Reached skill level 5 in Unarmed Combat
  9301 | D:10     | Reached skill level 5 in Spellcasting
  9301 | D:10     | Reached skill level 5 in Evocations
  9303 | D:10     | Slain by an orc

Illustrated notes

Levels and vault maps discovered:
D:1:      minmay_arrival_hallway, layout_loops_ring, minmay_hedge_maze,
          minivault_25
D:2:      layout_loops_ring, serial_shops, nicolae_shop_bloodbath_and_beyond,
          basic_altar
D:3:      layout_basic, lemuel_tele_altar
D:4:      layout_cave_pods, vehumet_statue,
          nicolae_dithmenos_through_a_glass_darkly, lemuel_round_altar,
          mainiacjoe_overflow_six_doors_small,
          nicolae_ru_great_annihilating_truth, uniq_menkaure
D:5:      layout_loops_ring, mainiacjoe_overflow_tiny_flanked,
          amcnicky_mini_pool_small, uniq_eustachio
D:6:      layout_loops_corners, grunt_temple_overflow_order_and_chaos_1,
          chequers_temple_overflow_statue_of_worship,
          minmay_temple_entry_stoned_glass, minmay_crystal_water
D:7:      layout_basic, nemelex_diamond_rough_becter, minmay_chambers_of_fives
D:8:      layout_layer_cave, grunt_decor_one_mirror, minmay_misc_feat_nine_boxes
D:9:      cheibrodos_barr_body, layout_rooms,
          mainiacjoe_overflow_concentric_impassable, lemuel_doored_altar,
          gammafunk_ghost_wrathful_warriors
D:10:     layout_gridville, david_lair_shrubbed, david_orc_2,
          lightli_wizard_tower

Skill      XL: |  1  2  3  4  5  6  7  8  9 10 |
---------------+-------------------------------+-----
Invocations    | 1 2 3 4 5 |  5.4
Short Blades   | 1 2 3 4 5 |  5.0
Axes           | 1 2 3 4 5 |  5.0
Maces & Flails | 1 2 3 4 5 |  5.0
Polearms       | 1 2 3 4 5 |  5.0
Staves         | 1 2 3 4 5 |  5.0
Ranged Weapons | 1 2 3 4 5 |  5.0
Throwing       | 1 2 3 4 5 |  5.0
Stealth        | 1 2 3 4 5 |  5.0
Shields        | 1 2 3 4 5 |  5.0
Unarmed Combat | 1 2 3 4 5 |  5.0
Spellcasting   | 1 2 3 4 5 |  5.0
Evocations     | 1 2 3 4 5 |  5.0
Shapeshifting  | 1 2 3 4 |  4.5
Conjurations   | 1 2 3 4 |  4.1
Hexes          | 1 2 3 4 |  4.1
Summonings     | 1 2 3 4 |  4.1
Necromancy     | 1 2 3 4 |  4.1
Translocations | 1 2 3 4 |  4.1
Transmutations | 1 2 3 4 |  4.1
Fire Magic     | 1 2 3 4 |  4.1
Ice Magic      | 1 2 3 4 |  4.1
Air Magic      | 1 2 3 4 |  4.1
Earth Magic    | 1 2 3 4 |  4.1
Poison Magic   | 1 2 3 4 |  4.1
Dodging        | 3 4 5 |  5.6
Armour         | 5 6 |  6.8
Fighting       | 7 8 |  8.3
Long Blades    | 7 8 |  8.3

Action                     |  1- 3 |  4- 6 |  7- 9 | 10-12 || total
---------------------------+-------+-------+-------+-------++-------
  Melee: Falchion          |    83 |   139 |   414 |     5 ||   641
         Bite              |     8 |    11 |    40 |       ||    59
         Punch             |     1 |     1 |    12 |       ||    14
  Throw: Dart              |       |    11 |    39 |       ||    50
         Stone             |       |     1 |       |       ||     1
   Cast: Mephitic Cloud    |       |       |     2 |       ||     2
    Use: Scroll            |       |     7 |     2 |     3 ||    12
         Potion            |       |     7 |     6 |       ||    13
   Stab: Sleeping          |     2 |     1 |     5 |       ||     8
         Confused          |       |     1 |     5 |       ||     6
         Paralysed         |       |     1 |     1 |       ||     2
         Distracted        |       |       |     1 |       ||     1
         Petrifying        |       |       |     1 |       ||     1
 Armour: Leather armour    |    40 |    89 |   281 |    28 ||   438
  Dodge: Dodged            |    50 |    71 |   230 |     9 ||   360
  Block: Other             |       |       |    46 |     9 ||    55
         Reflection        |       |       |     1 |     3 ||     4

Table legend: (Time is in decaauts)
 A = Elapsed time spent in this place.
 B = Non-inter-level travel time spent in this place.
 C = Inter-level travel time spent in this place.
 D = Time resting spent in this place.
 E = Time spent auto-exploring this place.
 F = Levels seen in this place.
 G = Mean time per level.
                   A        B        C        D        E       F      G
               +--------+--------+--------+--------+--------+-----+--------+
         Total |   9225 |   8686 |    539 |   1117 |   5699 |  10 |  922.5 |
       Dungeon |   9225 |   8686 |    539 |   1117 |   5699 |  10 |  922.5 |
               +--------+--------+--------+--------+--------+-----+--------+

Top non-repeatable levels by time:
     D:7: 1760 daAuts
     D:6: 1468 daAuts
     D:8: 1401 daAuts
     D:4: 1360 daAuts
     D:1: 909 daAuts
     D:5: 832 daAuts
     D:3: 789 daAuts
     D:2: 673 daAuts
     D:9: 24 daAuts
    D:10: 5 daAuts
